Map: Newkirk Precinct TE (Void)

Players

PtitDrogo - Winner!

  • Race: Protoss Protoss
  • Spawn Location: 5:00

Mokomi

  • Race: Protoss Protoss
  • Spawn Location: 7:00

Event: WCS Austin 2017

VOD

Have the link to the VOD?

Description

Time

  • Played on: April 28, 2017, 1:30 p.m.
  • Length: 8:14

All games in this series

Show
View Real Time Build Order
Export as new Build Order

PtitDrogo Protoss - Winner!

Build Orders: Blink Stalkers 

Get SALT Encoding   

  12  0:00  Probe (Chrono Boost)  
  13  0:11  Probe (Chrono Boost)  
  14  0:18  Pylon  
  14  0:22  Probe (Chrono Boost)  
  15  0:37  Probe (Chrono Boost), Gateway  
  15  0:42  Assimilator  
  16  0:47  Probe (Chrono Boost)  
  17  0:53  Assimilator  
  17  0:58  Probe (Chrono Boost)  
  18  1:08  Probe (Chrono Boost)  
  18  1:09  Gateway  
  19  1:19  Probe (Chrono Boost)  
  19  1:24  Cybernetics Core  
  20  1:29  Probe (Chrono Boost)  
  21  1:33  Pylon  
  21  1:40  Probe (Chrono Boost)  
  22  1:47  Warp Gate  
  22  1:50  Probe (Chrono Boost)  
  23  2:00  Stalker x2  
  27  2:12  Mothership Core (Chrono Boost)  
  29  2:20  Pylon  
  29  2:34  Stalker  
  31  2:38  Stalker  
  31  2:44  Probe (Chrono Boost)  
  34  2:59  Probe (Chrono Boost)  
  34  3:06  Stalker  
  34  3:08  Stalker  
  38  3:26  Twilight Council  
  39  3:28  Probe (Chrono Boost)  
  39  3:42  Nexus  
  39  3:47  Blink  
  39  3:49  Mothership Core (Chrono Boost), Pylon  
  38  4:08  Probe (Chrono Boost)  
  38  4:09  Stalker  
  41  4:16  Stalker  
  43  4:20  Probe (Chrono Boost)  
  45  4:33  Probe (Chrono Boost)  
  45  4:34  Stalker  
  47  4:42  Pylon  
  47  4:55  Robotics Facility, Probe (Chrono Boost)  
  47  4:57  Probe (Chrono Boost)  
  50  5:07  Probe x2 (Chrono Boost)  
  50  5:13  Stalker x2  
  55  5:19  Probe (Chrono Boost)  
  55  5:20  Probe (Chrono Boost)  
  57  5:30  Probe (Chrono Boost)  
  57  5:31  Probe (Chrono Boost)  
  59  5:36  Pylon  
  59  5:37  Stalker  
  59  5:39  Stalker  
  64  5:43  Warp Prism, Probe (Chrono Boost)  
  66  5:52  Probe (Chrono Boost)  
  68  5:57  Probe (Chrono Boost)  
  68  6:01  Stalker  
  68  6:02  Stalker  
  68  6:04  Probe (Chrono Boost)  
  73  6:09  Probe (Chrono Boost)  
  74  6:14  Probe (Chrono Boost)  
  61  6:34  Stalker x2  
  61  6:37  Assimilator  
  61  6:39  Assimilator  
  65  6:42  Immortal  
  65  6:43  Probe (Chrono Boost)  
  66  6:47  Probe (Chrono Boost)  
  66  6:50  Nexus  
  72  6:55  Probe (Chrono Boost)  
  72  6:57  Stalker x2  
  72  6:59  Pylon  
  76  7:02  Probe (Chrono Boost)  
  76  7:08  Probe (Chrono Boost)  
  78  7:16  Pylon  
  78  7:17  Probe (Chrono Boost)  
  78  7:20  Sentry x2  
  84  7:22  Pylon  
  84  7:23  Probe (Chrono Boost)  
  84  7:26  Gateway  
  76  7:45  Stalker x2  
  76  7:48  Probe (Chrono Boost)  
  76  7:50  Gateway  
  81  7:52  Gateway  
  79  8:08  Stalker x2  
Show
View Real Time Build Order
Export as new Build Order

Mokomi Protoss 

Build Orders: Oracle Opening 

Get SALT Encoding   

  12  0:01  Probe (Chrono Boost)  
  13  0:11  Probe (Chrono Boost)  
  14  0:18  Pylon  
  14  0:22  Probe (Chrono Boost)  
  15  0:36  Probe (Chrono Boost)  
  15  0:37  Gateway  
  16  0:45  Assimilator  
  16  0:46  Probe (Chrono Boost)  
  17  0:52  Assimilator  
  17  0:57  Probe (Chrono Boost)  
  18  1:08  Probe (Chrono Boost)  
  19  1:16  Gateway  
  20  1:21  Pylon  
  19  1:28  Cybernetics Core  
  19  1:33  Probe (Chrono Boost)  
  20  1:44  Probe (Chrono Boost)  
  21  1:54  Probe (Chrono Boost)  
  22  2:04  Adept x2  
  22  2:05  Probe (Chrono Boost), Warp Gate  
  27  2:16  Probe (Chrono Boost)  
  27  2:21  Stargate  
  28  2:26  Probe (Chrono Boost)  
  28  2:38  Pylon  
  28  2:42  Mothership Core (Chrono Boost)  
  30  2:56  Stalker  
  32  3:00  Oracle  
  32  3:01  Probe (Chrono Boost)  
  33  3:31  Probe (Chrono Boost)  
  32  3:39  Oracle  
  30  3:43  Probe (Chrono Boost)  
  33  3:55  Probe (Chrono Boost)  
  34  4:08  Probe (Chrono Boost)  
  34  4:09  Nexus  
  35  4:16  Pylon  
  34  4:24  Probe (Chrono Boost)  
  34  4:28  Robotics Facility  
  32  4:36  Probe (Chrono Boost)  
  33  4:46  Probe (Chrono Boost)  
  34  4:52  Sentry  
  34  4:53  Sentry  
  34  4:57  Probe (Chrono Boost)  
  39  5:09  Void Ray  
  39  5:16  Pylon  
  39  5:19  Probe (Chrono Boost)  
  44  5:27  Probe (Chrono Boost)  
  46  5:31  Immortal  
  51  5:43  Probe x2 (Chrono Boost)  
  51  5:52  Void Ray  
  51  5:55  Probe (Chrono Boost)  
  52  6:02  Probe (Chrono Boost)  
  57  6:07  Adept  
  59  6:14  Immortal  
  59  6:32  Adept x2  
  53  6:46  Probe (Chrono Boost)  
  54  6:47  Gateway  
  54  6:50  Immortal  
  54  6:52  Probe (Chrono Boost)  
  55  6:58  Probe (Chrono Boost)  
  60  7:03  Adept  
  60  7:04  Probe (Chrono Boost)  
  63  7:11  Probe (Chrono Boost)  
  63  7:12  Void Ray  
  65  7:16  Probe (Chrono Boost)  
  70  7:23  Probe (Chrono Boost)  
  70  7:24  Pylon  
  70  7:26  Pylon  
  70  7:34  Probe (Chrono Boost)  
  70  7:36  Adept  
  59  7:48  Adept  
  54  8:01  Adept  
  54  8:02  Adept  
Tags
 
Add a new tag
Caveats
  • Supply blocks, unpowered buildings, or Contaminate may cause inaccurate times.
  • Supply counts are checked every 10 seconds.